Map: Eternal Empire LE

Players

LiquidClem (Clem)

  • Race: Terran Terran
  • League: Master
  • Spawn Location: 1:00

Reynor - Winner!

  • Race: Zerg Zerg
  • League: Master
  • Spawn Location: 7:00

Event: DreamHack SC2 Masters 2020 Fall

VOD

Have the link to the VOD?

Description

Time

  • Played on: Sept. 13, 2020, 4:43 p.m.
  • Length: 17:08

All games in this series

Show
View Real Time Build Order
Export as new Build Order

LiquidClem Terran 

Build Orders: Liberator Opening, Reaper Expand 

Get SALT Encoding   

  12  0:00  SCV  
  13  0:12  SCV  
  14  0:17  Supply Depot  
  14  0:24  SCV  
  15  0:38  SCV  
  15  0:39  Barracks  
  16  0:43  Refinery  
  16  0:50  SCV  
  17  1:02  SCV  
  18  1:14  SCV  
  19  1:26  Reaper  
  19  1:27  Orbital Command  
  20  1:40  Command Center  
  20  1:49  Supply Depot  
  20  1:52  SCV  
  21  1:58  Marine  
  22  2:04  SCV  
  23  2:13  Factory  
  23  2:16  SCV  
  23  2:20  Barracks Reactor  
  24  2:29  SCV  
  25  2:41  SCV  
  26  2:49  Command Center  
  26  2:53  SCV  
  26  2:54  Orbital Command  
  27  3:02  Starport  
  27  3:07  SCV  
  27  3:09  Hellion  
  30  3:14  Hellion  
  32  3:20  Refinery  
  32  3:21  SCV  
  32  3:22  SCV  
  34  3:28  Barracks Tech Lab  
  34  3:33  SCV, Hellion  
  38  3:34  SCV  
  38  3:37  Hellion  
  40  3:46  SCV x2  
  42  3:53  Liberator  
  45  3:59  SCV  
  45  4:01  SCV, Hellion x2  
  45  4:02  Orbital Command  
  51  4:12  SCV  
  51  4:13  SCV  
  51  4:14  Stimpack  
  52  4:21  Supply Depot  
  52  4:24  SCV  
  53  4:25  SCV  
  53  4:29  SCV  
  54  4:31  Barracks  
  54  4:35  Barracks  
  54  4:36  SCV  
  54  4:37  SCV  
  54  4:38  Starport Reactor, Refinery  
  56  4:39  Marine  
  56  4:41  Factory Reactor  
  56  4:44  SCV, Supply Depot  
  58  4:49  SCV  
  58  4:52  SCV  
  60  4:54  Engineering Bay x2  
  60  4:56  Marine  
  60  4:57  Refinery  
  61  5:05  SCV, Orbital Command  
  63  5:07  SCV, Supply Depot  
  63  5:14  Marine  
  63  5:18  SCV  
  63  5:19  SCV  
  63  5:20  Starport Reactor  
  63  5:21  Terran Infantry Weapons Level 1, Terran Infantry Armor Level 1  
  66  5:22  Marine x2  
  66  5:24  Marine x2  
  70  5:30  SCV  
  70  5:32  Marine, Barracks x2  
  70  5:33  Widow Mine x2  
  76  5:36  SCV  
  76  5:37  SCV  
  76  5:41  Marine x2  
  76  5:42  Supply Depot  
  80  5:45  Supply Depot  
  80  5:48  SCV x2, Marine x2  
  84  5:50  Marine  
  80  5:59  Marine x2  
  80  6:02  Widow Mine x2  
  80  6:03  SCV  
  80  6:04  SCV  
  84  6:05  Medivac x2  
  84  6:06  SCV, Marine x2  
  84  6:08  Marine  
  84  6:09  Supply Depot  
  92  6:15  Combat Shield  
  92  6:16  SCV, Armory  
  92  6:17  Marine  
  94  6:19  Barracks Reactor  
  94  6:20  Barracks Reactor  
  94  6:22  Marine  
  94  6:23  Marine  
  94  6:24  SCV x2, Marine  
  99  6:28  SCV  
  99  6:30  Marine  
  99  6:31  Widow Mine x2  
  105  6:35  Marine  
  105  6:36  SCV  
  105  6:37  Supply Depot  
  105  6:39  Medivac  
  109  6:41  Supply Depot  
  109  6:50  Refinery, Factory  
  109  6:54  Supply Depot  
  109  6:59  SCV x2, Medivac, Marine x2  
  115  7:01  Marine x2  
  115  7:02  Marine x5  
  115  7:04  Supply Depot, Widow Mine  
  115  7:06  SCV  
  125  7:10  Supply Depot  
  125  7:16  Medivac, Widow Mine, Supply Depot  
  125  7:17  Marine x2  
  125  7:19  Marine x2  
  125  7:20  Marine  
  125  7:21  Marine  
  125  7:22  Marine  
  135  7:26  Terran Infantry Armor Level 2  
  135  7:27  Supply Depot  
  136  7:35  Command Center  
  136  7:37  Marine x3  
  136  7:38  Marine  
  136  7:39  Widow Mine x2  
  136  7:43  Terran Infantry Weapons Level 2  
  136  7:44  Marine x2  
  145  7:49  Supply Depot  
  146  7:53  Marine x2  
  146  7:55  Medivac  
  146  7:56  Marine  
  146  7:57  SCV  
  152  7:58  Widow Mine  
  152  8:00  SCV, Widow Mine  
  152  8:04  Marine  
  151  8:09  Widow Mine  
  151  8:11  Marine  
  154  8:17  Marine  
  138  8:22  Marine x2, Widow Mine  
  138  8:24  Factory Tech Lab  
  138  8:25  Marine x2  
  138  8:26  Marine x3  
  137  8:28  Medivac x2  
  137  8:29  Terran Vehicle And Ship Armor Level 1  
  137  8:31  Marine  
  137  8:32  SCV x3  
  145  8:35  Marine  
  145  8:40  Marine x2  
  148  8:44  SCV, Barracks x2  
  148  8:45  Marine  
  148  8:46  Marine x2, Barracks  
  148  8:47  Marine  
  153  8:50  SCV x2  
  153  8:53  Marine  
  153  8:54  Marauder  
  156  8:58  Medivac, Widow Mine x2  
  156  9:01  Drilling Claws  
  162  9:04  SCV  
  162  9:06  Marine  
  162  9:08  Widow Mine  
  166  9:11  Unknown  
  166  9:14  Planetary Fortress  
  166  9:15  Marauder  
  168  9:21  Marine x3, Widow Mine  
  168  9:23  Marine x2  
  168  9:24  Marine x3  
  170  9:25  SCV  
  170  9:26  SCV  
  170  9:28  SCV  
  174  9:35  Barracks Tech Lab x2  
  174  9:36  Barracks Tech Lab  
  174  9:37  Marauder  
  172  9:39  Marine  
  172  9:40  Marine x2  
  172  9:43  Command Center  
  175  9:46  Widow Mine x2  
  175  9:48  Marine, Sensor Tower  
  175  9:49  Marine  
  181  9:56  Terran Infantry Armor Level 3  
  180  10:00  Marine x2  
  180  10:05  Marine  
  180  10:06  Marauder x2, Marine x6  
  185  10:20  Terran Infantry Weapons Level 3  
  178  10:22  SCV  
  178  10:24  SCV  
  178  10:25  Marauder  
  178  10:27  Marauder x2  
  178  10:28  Marine  
  181  10:30  SCV x2  
  181  10:32  Marauder, Widow Mine  
  181  10:34  SCV  
  185  10:36  SCV  
  174  10:46  Marauder, Widow Mine, Marine  
  174  10:47  Marine  
  174  10:49  Marauder x2, Widow Mine  
  181  10:51  Medivac  
  181  10:54  Marauder  
  181  10:55  Widow Mine, Marine  
  181  10:56  Marine x2  
  174  10:57  Marine x2  
  174  11:00  SCV x2  
  174  11:03  SCV  
  180  11:04  SCV  
  180  11:07  Marauder  
  180  11:10  Marauder  
  180  11:11  Marauder  
  186  11:14  Widow Mine x2  
  186  11:15  Marauder  
  186  11:17  Planetary Fortress  
  192  11:21  SCV  
  192  11:25  Widow Mine  
  195  11:28  SCV x3  
  195  11:29  Marauder  
  200  11:34  Marauder  
  200  11:35  Marauder  
  200  11:37  Marauder  
  200  11:38  Marine  
  184  11:42  Command Center  
  170  11:50  Marauder, Widow Mine  
  170  11:51  Medivac x2  
  170  11:52  Marine x5  
  170  11:54  Widow Mine, Siege Tank  
  184  11:55  Marauder  
  184  11:57  Marauder, Marine x2  
  184  11:59  Marauder  
  191  12:06  Marine  
  180  12:10  Marine  
  180  12:11  Marauder  
  179  12:17  Marauder, Marine x2  
  179  12:18  Marauder, Marine  
  179  12:20  Marauder  
  179  12:21  Medivac x2  
  145  12:32  Widow Mine  
  145  12:33  Marauder, Marine x2, Widow Mine  
  145  12:34  Marine  
  145  12:35  Marine  
  145  12:36  Marine x3  
  148  12:38  Marauder  
  148  12:40  Marauder, Widow Mine  
  148  12:41  Marauder  
  148  12:43  Concussive Shells  
  154  12:49  Marine  
  154  12:51  Medivac, Marine x2  
  158  12:53  Barracks  
  158  12:54  Medivac, Marauder, Widow Mine, Barracks x2  
  158  12:56  Widow Mine, Marine x2  
  167  12:59  Marauder  
  167  13:01  Marauder  
  167  13:03  SCV x2, Marauder  
  175  13:07  SCV x3  
  175  13:09  Sensor Tower  
  180  13:14  Marine x2  
  180  13:15  SCV x2, Marine x2, Widow Mine  
  180  13:16  Marauder  
  180  13:17  Marine, Siege Tank  
  180  13:18  Marine x2  
  180  13:19  SCV  
  193  13:20  Marine  
  193  13:21  Marauder  
  193  13:22  Marauder  
  193  13:24  Marauder  
  199  13:32  Marine x2  
  200  13:35  Marine  
  200  13:37  Marauder  
  200  13:38  Liberator x2  
  193  13:42  Marine  
  193  13:43  Marine  
  193  13:45  Marauder  
  193  13:46  Marauder  
  193  13:47  Marauder  
  189  13:50  Widow Mine  
  189  13:53  Widow Mine  
  189  13:54  Marine  
  178  13:58  Marauder  
  178  13:59  Planetary Fortress  
  178  14:04  Widow Mine  
  179  14:10  Marauder  
  171  14:26  Marauder  
  171  14:27  SCV, Marauder  
  171  14:30  Marauder, Widow Mine  
  171  14:31  Medivac, Marine  
  171  14:32  Marine x3  
  171  14:33  Marauder  
  171  14:34  Widow Mine x2  
  167  14:38  SCV  
  167  14:39  SCV  
  167  14:40  Command Center  
  169  14:47  Medivac  
  171  14:53  Marine  
  171  14:59  Marine x2, Widow Mine  
  171  15:01  Marine  
  171  15:02  Marauder x3, Widow Mine  
  171  15:03  Medivac, Marauder  
  171  15:04  Widow Mine  
  167  15:07  Marine x2  
  157  15:17  Medivac  
  157  15:21  Widow Mine  
  161  15:23  Marauder x2, Marine x4  
  161  15:24  Marauder  
  161  15:28  Marine  
  171  15:29  Marine x2  
  171  15:34  Command Center  
  171  15:35  Marine  
  171  15:40  Marauder  
  171  15:41  Widow Mine  
  171  15:48  Supply Depot  
  171  15:50  Supply Depot x2  
  171  15:51  Marauder x3, Marine x4, Widow Mine  
  171  15:52  Widow Mine  
  171  15:53  SCV x2  
  171  15:56  Medivac x2  
  183  15:57  Marine  
  183  15:59  SCV, Marine  
  183  16:00  Marine x2  
  183  16:02  Marauder, Widow Mine  
  183  16:03  SCV  
  193  16:09  Marine  
  190  16:13  Marauder x3, Widow Mine x2  
  194  16:21  Marine  
  194  16:22  Marine x2  
  194  16:23  Widow Mine  
  194  16:24  Marauder  
  179  16:30  Barracks Tech Lab  
  179  16:31  Marine x4, Barracks Tech Lab x2  
  172  16:34  Marauder x3  
  172  16:35  SCV x4  
  172  16:37  Ghost Academy  
  182  16:41  Refinery  
  182  16:42  Refinery  
  182  16:46  Marauder  
  166  16:53  SCV  
  166  16:54  SCV x2  
  146  16:55  SCV  
Show
View Real Time Build Order
Export as new Build Order

Reynor Zerg - Winner!

Build Orders: Hatch First, Lurkers 

Get SALT Encoding   

  12  0:00  Drone  
  13  0:12  Overlord  
  13  0:16  Drone  
  14  0:30  Drone x2  
  16  0:47  Hatchery  
  15  0:51  Drone  
  15  0:54  Drone  
  17  0:57  Drone  
  18  1:08  Extractor  
  17  1:13  Spawning Pool  
  17  1:16  Drone  
  17  1:20  Drone  
  18  1:27  Drone  
  19  1:38  Drone  
  20  1:48  Overlord  
  20  2:00  Queen x2  
  24  2:01  Zergling x4  
  26  2:09  Drone  
  26  2:10  Drone  
  28  2:21  Drone x2  
  30  2:26  Metabolic Boost  
  30  2:32  Drone  
  30  2:36  Queen  
  32  2:41  Overlord  
  32  2:46  Drone x2  
  33  2:53  Drone  
  33  2:54  Drone  
  35  3:02  Hatchery  
  35  3:04  Drone x2  
  36  3:08  Drone  
  36  3:09  Drone  
  36  3:11  Zergling x2  
  39  3:14  Overlord  
  39  3:17  Drone  
  39  3:18  Drone  
  41  3:22  Drone x2  
  43  3:32  Queen  
  43  3:33  Zergling x4  
  47  3:38  Drone  
  47  3:40  Overlord  
  48  3:42  Drone x2  
  48  3:43  Drone  
  51  3:50  Overlord  
  51  3:57  Overlord  
  51  4:00  Drone x3  
  54  4:06  Evolution Chamber, Extractor  
  54  4:08  Evolution Chamber, Drone  
  52  4:11  Drone  
  52  4:16  Queen, Drone x2  
  57  4:20  Zergling x4  
  57  4:21  Zergling x2  
  57  4:22  Drone  
  61  4:27  Overlord  
  61  4:29  Drone  
  61  4:32  Queen  
  61  4:33  Spore Crawler  
  61  4:34  Zerg Ground Armor Level 1  
  61  4:35  Drone  
  61  4:36  Drone  
  64  4:42  Drone  
  64  4:45  Zerg Melee Weapons Level 1  
  65  4:46  Drone x2  
  65  4:48  Spore Crawler  
  65  4:50  Drone x3  
  69  4:53  Drone x2  
  69  4:54  Drone  
  69  4:56  Zergling x2  
  69  4:57  Zergling x2  
  69  4:59  Drone  
  75  5:05  Drone x2  
  77  5:07  Lair  
  77  5:11  Drone x2  
  77  5:12  Baneling Nest  
  77  5:13  Drone  
  79  5:18  Drone x3  
  82  5:21  Spore Crawler  
  82  5:23  Drone x3  
  84  5:29  Hatchery, Extractor  
  84  5:30  Zergling x4  
  84  5:33  Zergling x4  
  87  5:35  Zergling x4  
  87  5:41  Drone x2  
  87  5:42  Overlord, Extractor  
  89  5:44  Zergling x2  
  89  5:47  Overlord  
  89  5:48  Extractor  
  89  5:54  Drone x3  
  90  5:57  Drone  
  90  5:59  Drone  
  90  6:00  Overlord  
  90  6:01  Extractor  
  90  6:02  Drone  
  90  6:03  Drone  
  91  6:04  Drone  
  91  6:05  Drone x2  
  91  6:06  Drone  
  91  6:08  Centrifical Hooks  
  91  6:13  Hydralisk Den, Drone x2  
  91  6:15  Pneumatized Carapace, Drone x3  
  91  6:17  Drone  
  96  6:21  Queen, Drone  
  96  6:25  Overlord  
  99  6:26  Zergling x2  
  99  6:31  Zergling x6  
  103  6:34  Baneling x4  
  103  6:35  Zergling x2  
  103  6:36  Drone x2  
  103  6:37  Zerg Ground Armor Level 2  
  103  6:38  Overseer  
  108  6:40  Zergling x6  
  108  6:42  Drone  
  108  6:46  Drone  
  111  6:47  Drone  
  111  6:49  Zergling x4  
  111  6:50  Zergling x2  
  111  6:52  Drone  
  116  6:58  Drone x2  
  116  7:01  Zergling x2  
  118  7:03  Hatchery  
  118  7:05  Baneling x3  
  118  7:06  Zergling x2  
  118  7:07  Baneling x4  
  112  7:08  Zergling x2  
  112  7:09  Drone  
  112  7:12  Muscular Augments  
  112  7:13  Overseer  
  114  7:17  Overlord  
  114  7:20  Drone x3  
  117  7:23  Overlord  
  117  7:26  Zergling x18  
  117  7:28  Zerg Melee Weapons Level 2  
  126  7:32  Overlord  
  126  7:33  Zergling x4  
  126  7:34  Baneling x7  
  126  7:36  Zergling x2  
  127  7:41  Overseer  
  127  7:43  Zergling x6  
  130  7:45  Baneling x2  
  130  7:46  Overlord, Baneling x5  
  130  7:55  Hydralisk x7  
  130  7:56  Zergling x2  
  145  8:01  Hydralisk  
  145  8:02  Zergling x6  
  145  8:05  Overlord  
  144  8:08  Zergling x2  
  144  8:09  Overlord  
  144  8:12  Zergling x2  
  144  8:15  Hydralisk  
  144  8:16  Zergling x4  
  144  8:17  Hydralisk  
  144  8:18  Zergling x2  
  135  8:20  Hydralisk  
  135  8:22  Infestation Pit  
  135  8:24  Hatchery, Hydralisk  
  135  8:25  Zergling x8  
  137  8:28  Drone x2  
  137  8:31  Baneling x4  
  137  8:32  Zergling x8  
  143  8:37  Hatchery  
  143  8:38  Zergling x2, Unknown, Hydralisk  
  143  8:39  Zergling x8  
  143  8:41  Baneling x5  
  148  8:42  Overlord  
  148  8:45  Zergling x4  
  148  8:46  Grooved Spines  
  150  8:49  Drone  
  150  8:51  Drone x2  
  150  8:54  Spore Crawler x2  
  150  8:55  Zergling x6  
  151  8:58  Queen, Drone x2  
  151  9:02  Baneling x4  
  155  9:03  Zergling x8  
  155  9:04  Baneling x9  
  155  9:08  Zergling x4  
  161  9:11  Hive  
  161  9:12  Overlord  
  161  9:13  Zergling x2  
  161  9:14  Baneling  
  162  9:20  Zergling x18  
  165  9:28  Lurker Den  
  163  9:34  Zergling x10  
  159  9:39  Zergling x8  
  159  9:41  Hydralisk  
  165  9:46  Drone x2  
  165  9:48  Overlord  
  167  9:53  Overlord  
  167  9:57  Hydralisk  
  167  10:01  Zergling x16  
  167  10:02  Hydralisk  
  167  10:06  Drone  
  161  10:10  Zergling x6  
  161  10:11  Hatchery  
  161  10:14  Overlord  
  162  10:26  Seismic Spines  
  162  10:27  Lurker x5  
  166  10:29  Drone x9  
  166  10:30  Overlord  
  166  10:34  Adrenal Glands  
  166  10:35  Hydralisk  
  175  10:36  Zergling x2  
  175  10:40  Hydralisk  
  175  10:41  Zergling x2  
  177  10:43  Hydralisk x2  
  177  10:44  Zergling x4  
  177  10:47  Hydralisk  
  177  10:49  Hydralisk  
  184  10:50  Zergling x6  
  184  10:54  Zerg Ground Armor Level 3  
  184  10:56  Zerg Missile Weapons Level 1  
  181  10:58  Drone x3  
  181  11:02  Viper  
  187  11:08  Overseer  
  187  11:10  Lurker  
  187  11:11  Drone x5  
  187  11:16  Overlord x2  
  192  11:20  Hatchery  
  192  11:23  Adaptive Talons  
  190  11:26  Overlord  
  190  11:31  Spine Crawler, Spore Crawler  
  187  11:34  Spine Crawler  
  187  11:36  Viper x2  
  187  11:37  Zergling x20  
  187  11:38  Zergling x6  
  195  11:41  Extractor  
  195  11:44  Hydralisk, Extractor  
  195  11:45  Zergling x10  
  200  11:50  Overlord  
  199  12:04  Hydralisk  
  199  12:05  Zergling x12  
  199  12:07  Baneling x11  
  199  12:08  Overlord  
  198  12:12  Lurker x2  
  196  12:17  Zergling x14  
  196  12:19  Hydralisk  
  196  12:20  Zergling x6  
  190  12:23  Zergling x2, Hydralisk x3  
  190  12:24  Zergling x2  
  190  12:26  Zergling x4, Hydralisk  
  190  12:28  Zergling x8  
  188  12:32  Hydralisk  
  188  12:33  Zergling x4  
  173  12:37  Drone  
  173  12:40  Zergling x4, Hydralisk  
  173  12:41  Zergling x2  
  173  12:42  Zergling x2  
  174  12:47  Zergling x6  
  174  12:48  Zergling x2, Hydralisk  
  177  12:51  Lurker x2  
  177  12:52  Lurker x5  
  177  12:54  Zergling x10  
  177  12:55  Zergling x6  
  192  13:00  Lurker  
  192  13:02  Zergling x10  
  192  13:04  Drone  
  199  13:13  Baneling x10  
  199  13:18  Zergling x2  
  199  13:20  Zerg Missile Weapons Level 2  
  199  13:23  Hatchery  
  196  13:29  Zergling x8  
  196  13:37  Hydralisk x2  
  196  13:38  Zergling x6  
  196  13:39  Zergling x16  
  196  13:40  Zergling x2  
  197  13:42  Zergling x4  
  197  13:45  Zergling x6  
  197  13:46  Hydralisk  
  197  13:47  Zergling x6, Hydralisk  
  193  13:49  Zergling x2, Hydralisk  
  193  13:50  Zergling x2  
  193  13:51  Hydralisk  
  193  13:52  Hydralisk  
  193  13:53  Zergling x4  
  196  13:56  Hydralisk  
  196  13:57  Zergling x4  
  196  14:01  Zergling x2  
  188  14:10  Zergling x2, Hydralisk  
  188  14:11  Zergling x16  
  188  14:15  Zergling x2, Hydralisk  
  190  14:23  Drone x8  
  191  14:27  Zergling x2, Hydralisk  
  191  14:29  Zergling x4  
  183  14:32  Hydralisk  
  182  14:40  Hydralisk  
  182  14:41  Zergling x8  
  185  14:47  Lurker x3  
  185  14:48  Lurker x4  
  185  14:51  Zergling x22  
  200  14:56  Hatchery  
  200  14:57  Hydralisk x2  
  200  14:58  Zergling x6  
  197  15:01  Zergling x2, Hydralisk  
  180  15:13  Hydralisk  
  180  15:14  Zergling x10  
  181  15:17  Zergling x2  
  181  15:21  Zergling x2, Hydralisk x2  
  176  15:22  Zergling x2  
  176  15:24  Overlord  
  181  15:30  Overlord  
  181  15:34  Overseer x2  
  181  15:41  Zergling x22  
  182  15:45  Lurker x5  
  182  15:46  Overlord, Lurker  
  182  15:48  Overlord  
  186  15:56  Overlord  
  185  16:13  Zergling x20  
  185  16:16  Hydralisk  
  185  16:17  Zergling x14  
  195  16:25  Hydralisk x2  
  186  16:26  Zergling x4  
  186  16:27  Overseer x2  
  186  16:28  Overseer  
  186  16:29  Queen  
  192  16:33  Hydralisk  
  192  16:34  Zergling x12  
  199  16:44  Zergling x2  
  196  16:47  Zergling x6  
  196  16:49  Zergling x4  
  190  17:03  Hatchery  

Tags
 
Add a new tag
Caveats
  • Supply blocks, unpowered buildings, or Contaminate may cause inaccurate times.
  • Supply counts are checked every 10 seconds.